[Event "*** Titled Tuesday Blitz"]
[Site "Chess.com"]
[Date "2020.12.01"]
[Round "6"]
[White "leoduarte"]
[Black "SanchezKelvin"]
[Result "1-0"]
[WhiteElo "2341"]
[BlackElo "2469"]
[TimeControl "180+1"]
[EndTime "11:04:58 PST"]
[Termination "leoduarte won by checkmate"]

1. e4 c5 2. Nf3 d6 3. d4 cxd4 4.
Nxd4 Nf6 5. Nc3 g6 6. h3 Bg7 7. Bc4 Nc6 8. Nf3 O-O 9. O-O a5 10. a4 Nb4 11. Re1 e6 12. Bb3 d5 13. e5 Nd7 14.
Nb5 h6 15. c3 Nc6 16. Bf4 Nc5 17. Bc2 b6 18. Qd2 Kh7 19. h4 h5 20. Ng5+ Kg8 21. Rad1 Ba6 22. Nd6 Qe7 23. b4 axb4 24.
cxb4 Nd7 25. b5 Ncxe5 26. Bxe5 Nxe5 27. Ndxf7 Nc4 28. Qe2 Bc8 29. Bxg6 Qf6 30. Bh7# 1-0

[Event "*** Titled Tuesday Blitz"]
[Site "Chess.com"]
[Date "2020.12.01"]
[Round "6"]
[White "Beca95"]
[Black "Tpros"]
[Result "1-0"]
[WhiteElo "2890"]
[BlackElo "2506"]
[TimeControl "180+1"]
[EndTime "11:04:59 PST"]
[Termination "Beca95 won on time"]

1. d4 Nf6 2. c4 g6 3. Nc3 Bg7 4. e4 d6 5. Be2 O-O 6. g4 c5 7. d5 e6 8. g5 Ne8 9. h4 exd5 10.
cxd5 Nc7 11. h5 Re8 12. Qd3 b5 13. hxg6 hxg6 14. f3 b4 15. Nd1 Nd7 16. f4 Qe7 17. Nf2 Nb6 18. Kf1 c4 19. Qg3 c3 20. bxc3 bxc3 21. Rb1 Ncxd5 22. f5 gxf5 23. exd5 Nxd5 24. Qh4 f4 25. g6 fxg6 26. Qh7+ Kf7 27. Bd3 Qe6 28. Ne4 Qe5 29. Nf3 Qe7 30. Nfg5+ Kf8 31. Qxg6 Ne3+ 32. Bxe3 fxe3 33. Ke2 Be6 34. Rbf1+ 1-0

[Event "*** Titled Tuesday Blitz"]
[Site "Chess.com"]
[Date "2020.12.01"]
[Round "6"]
[White "Savagelittlemole"]
[Black "pavelalexandru07"]
[Result "1-0"]
[WhiteElo "2538"]
[BlackElo "2346"]
[TimeControl "180+1"]
[EndTime "11:05:00 PST"]
[Termination "Savagelittlemole won by resignation"]

1. e4 c5 2. Ne2 d6 3. g3 Nf6 4. Bg2 g6 5. O-O Bg7 6. c3 O-O 7. d4 e5 8. h3 Nbd7 9. Be3 Qc7 10. Na3 a6 11. Qd2 b5 12. Rad1 Bb7 13. d5 c4 14.
Nc2 Nc5 15. f3 Nfd7 16. Ne1 a5 17. Kh2 f5 18. Ng1 f4 19. gxf4 exf4 20. Bd4 Ne5 21.
Ne2 g5 22. Bf2 h6 23. Nd4 Qd7 24. Nf5 Rac8 25. Nxg7 Qxg7 26. Bxc5 Rxc5 27. Nc2 Bc8 28. Nd4 Qf6 29. Rf2 h5 30. Rg1 Nd3 31. Rff1 g4 32.
fxg4 hxg4 33. hxg4 Rf7 34. Bh3 Rh7 35. Nf5 Bxf5 36.
gxf5+ Kf8 37. Rg6 Qh4 38. Qg2 Rcc7 39. Rg8+ Kf7 40. Rf3 Ne1 41. Qg6+ 1-0

[Event "*** Titled Tuesday Blitz"]
[Site "Chess.com"]
[Date "2020.12.01"]
[Round "6"]
[White "Nadeev_Sergey"]
[Black "Iskusnyh"]
[Result "0-1"]
[WhiteElo "2450"]
[BlackElo "2622"]
[TimeControl "180+1"]
[EndTime "11:05:01 PST"]
[Termination "Iskusnyh won by resignation"]

1. d4 d5 2. Bf4 Nf6 3. e3 c5 4. c3 Nc6 5. Nd2 cxd4 6. exd4 Bf5 7. Ngf3 e6 8. Be2 Be7 9. O-O O-O 10. Nh4 Be4 11. Nhf3 Bg6 12. Ne5 Nxe5 13. dxe5 Nd7 14. Nf3 Qb6 15. Qb3 Qc7 16. Nd4 Nxe5 17. Bg3 Bf6 18. f4 Nc6 19. f5 Nxd4 20. cxd4 Bxd4+ 21. Kh1 Be5 22. fxg6 hxg6 23. Rac1 Qd6 24. Bxe5 Qxe5 25. Bd3 b6 26. Ba6 Rad8 27. Qc3 Qe4 28. Bd3 Qe3 29.
Bb5 Qg5 30. Rcd1 Rc8 31. Qd2 Qxd2 32. Rxd2 Rc5 33. Bd3 Rfc8 34. Kg1 f5 35. Re2 Kf7 36. Rfe1 R8c6 37. Kf2 Kf6 38. Ke3 e5 39. Kd2 e4 40.
Bb1 d4 41. Rf1 Ke5 42. g3 d3 43. Ree1 Kd4 44. h4 a5 45. a3 b5 46. Re3 Rc2+ 0-1

[Event "*** Titled Tuesday Blitz"]
[Site "Chess.com"]
[Date "2020.12.01"]
[Round "6"]
[White "Stosk"]
[Black "AliKa2810"]
[Result "0-1"]
[WhiteElo "2392"]
[BlackElo "2584"]
[TimeControl "180+1"]
[EndTime "11:05:02 PST"]
[Termination "AliKa2810 won by checkmate"]

1. d4 d5 2. c4 c6 3. Nc3 dxc4 4. e4 b5 5. a4 b4 6. Na2 e6 7. Bxc4 Nf6 8. Qd3 Be7 9. Nf3 O-O 10. O-O Nbd7 11.
a5 Qxa5 12. Bd2 Qb6 13. Bg5 h6 14. Bh4 a5 15. Rac1 Ba6 16. b3 Rfe8 17. Rc2 a4 18. Rb1 Bxc4 19. Qxc4 Nxe4 20. Bxe7 Rxe7 21. bxa4 Rxa4 22.
Rxb4 Rxb4 23. Nxb4 c5 24. dxc5 Ndxc5 25. g3 Ra7 26.
Kg2 Ra4 27. Rb2 Nxf2 28. Kxf2 Nd3+ 29. Kg2 Nxb2 30. Qc8+ Kh7 31. Qc2+ f5 32. Qxb2 Rxb4 33. Qe5 Rb2+ 34. Kh3 Qf2 35. Qf4 Qg2+ 36. Kh4 Qxh2+ 37. Nxh2 Rxh2# 0-1

[Event "*** Titled Tuesday Blitz"]
[Site "Chess.com"]
[Date "2020.12.01"]
[Round "6"]
[White "ljuks68"]
[Black "CheckThis4"]
[Result "0-1"]
[WhiteElo "2386"]
[BlackElo "2547"]
[TimeControl "180+1"]
[EndTime "11:05:02 PST"]
[Termination "CheckThis4 won by resignation"]

1. e4 Nc6 2. Nf3 e5 3. Bb5 a6 4. Ba4 Nf6 5. Qe2 b5 6. Bb3 Bc5 7. c3 O-O 8. d3 h6 9. Be3 d6 10. Bxc5 dxc5 11. Nbd2 Qe7 12. Nf1 c4 13. dxc4 Na5 14.
N1d2 Bb7 15. cxb5 axb5 16. O-O Nxb3 17. axb3 Qc5 18. b4 Qb6 19. Rxa8 Rxa8 20. Re1 Ra2 21. Nb3 Bxe4 22. Nxe5 Qe6 23. Nc1 Ra1 24. Ned3 Qc4 25.
Kf1 Rb1 26. Nc5 Qxe2+ 27. Nxe2 Rxb2 28. Nd4 Bd5 29. Kg1 Bc4 30. f3 Nd5 31. Re8+ Kh7 32. Rd8 Nxc3 33. Rd7 Rd2 34. Ne4 Rxd4 35. Rxd4 Ne2+ 0-1

[Event "*** Titled Tuesday Blitz"]
[Site "Chess.com"]
[Date "2020.12.01"]
[Round "6"]
[White "niki_2003"]
[Black "Taktikmonster"]
[Result "1/2-1/2"]
[WhiteElo "2016"]
[BlackElo "2196"]
[TimeControl "180+1"]
[EndTime "11:05:04 PST"]
[Termination "Game drawn by agreement"]

1. d4 Nf6 2. c4 e6 3. g3 Bb4+ 4. Bd2 c5 5. Nf3 O-O 6. Bg2 d6 7. O-O Nc6 8. Bxb4 cxb4 9. b3 a5 10. Nbd2 e5 11. d5 Nb8 12. Qc2 Na6 13. e4 Bd7 14. Ne1 Nc5 15. Nd3 Nxd3 16. Qxd3 Qb6 17. Kh1 Rae8 18. h3 Bc8 19. Kh2 Nd7 20. Nf3 Nc5 21. Qe3 Qd8 22. Ne1 f5 23. Nd3 f4 24.
Qe2 Nxd3 25. Qxd3 Rf6 26. g4 Rh6 27. f3 Qh4 28. Qe2 Qg3+ 29. Kh1 Rf8 30. Qf2 Qxf2 31. Rxf2 Rhf6 32. a3 bxa3 33. Rxa3 b6 34. Rfa2 R6f7 35.
Ra4 Bd7 36. R4a3 Ra8 37. Rb2 Be8 38. b4 Rfa7 39. Rba2 Bd7 40. Bf1 Kf8 41. Be2 g5 42. Kg2 Ke7 43. Kf2 Kd8 44. Ke1 Kc7 45. Kd2 Kb7 46. b5 a4 47. Bd1 Ra5 48. Rxa4 Kc7 49. Kc3 Rxa4 50. Rxa4 Rxa4 51. Bxa4 h6 52. Bd1 Bc8 53.
Be2 Bd7 54. Kb4 Bc8 1/2-1/2

[Event "*** Titled Tuesday Blitz"]
[Site "Chess.com"]
[Date "2020.12.01"]
[Round "6"]
[White "Rsnr"]
[Black "2nd_life"]
[Result "1-0"]
[WhiteElo "2782"]
[BlackElo "2552"]
[TimeControl "180+1"]
[EndTime "11:05:05 PST"]
[Termination "Rsnr won on time"]

1. Nf3 Nf6 2. g3 d5 3. d4 c6 4. Bg2 Bg4 5. O-O e6 6. Ne5 Bf5 7. c4 Nbd7 8. Qb3 Qb6 9. Nc3 Nxe5 10. dxe5 Nd7 11. cxd5 exd5 12. Bf4 Be6 13. Qc2 h6 14. Rfd1 Bb4 15. Na4 Qa6 16. a3 Be7 17. e4 dxe4 18. Bxe4 O-O 19. Bd3 Qa5 20. Nc3 g5 21. b4 Qc7 22.
Be3 Nxe5 23. Bf5 Qc8 24. Bh7+ Kg7 25. Bd4 Bf6 26. Kg2 Re8 27. Ne4 Bd5 28. f3 Nd7 29. Nxf6 Nxf6 30. Bf5 Qc7 31. Re1 Rxe1 32. Rxe1 1-0

[Event "*** Titled Tuesday Blitz"]
[Site "Chess.com"]
[Date "2020.12.01"]
[Round "6"]
[White "GothamChess"]
[Black "DrVelja"]
[Result "0-1"]
[WhiteElo "2577"]
[BlackElo "2796"]
[TimeControl "180+1"]
[EndTime "11:05:06 PST"]
[Termination "DrVelja won on time"]

1. e4 c5 2. a3 Nc6 3. b4 e5 4. b5 Nd4 5. c3 Ne6 6. Nf3 d6 7. d4 cxd4 8. cxd4 exd4 9. Nxd4 Nf6 10. Bb2 Nxe4 11. Bd3 Qa5+ 12. Kf1 N4c5 13. Bc4 Bd7 14.
Nc3 O-O-O 15. g3 Kb8 16. Kg2 Nxd4 17. Qxd4 Be6 18. Nd5 h5 19. a4 Rc8 20. Bc3 Qd8 21. Rhc1 h4 22. a5 Qg5 23. Bd2 Qf5 24. Bf4 hxg3 25.
Bxg3 Ne4 26. b6 a6 27. Bd3 Qh3+ 28. Kg1 Rxc1+ 29. Rxc1 Nxg3 30. fxg3 Qxh2+ 31. Kf1 Qh1+ 32. Ke2 Qxc1 0-1

[Event "*** Titled Tuesday Blitz"]
[Site "Chess.com"]
[Date "2020.12.01"]
[Round "6"]
[White "BillieKimbah"]
[Black "Leonid_Starozhilov"]
[Result "1-0"]
[WhiteElo "2852"]
[BlackElo "2661"]
[TimeControl "180+1"]
[EndTime "11:05:07 PST"]
[Termination "BillieKimbah won by resignation"]

1. d4 Nf6 2. Nf3 e6 3. Bg5 b6 4. Nbd2 Bb7 5. e3 d5 6. Bd3 Be7 7. c3 Nbd7 8. Qe2 O-O 9. h4 Ne4 10.
Bf4 Bd6 11. Ng5 Ndf6 12. Be5 Bxe5 13. dxe5 Nd7 14. Qh5 h6 15. Ngxe4 dxe4 16. Bxe4 Bxe4 17. Nxe4 Qe7 18. O-O-O Rad8 19. Rd4 Nc5 20. Nxc5 Qxc5 21. Rhd1 Rxd4 22. Rxd4 Qb5 23. Kc2 Qf1 24. Qf3 Qa6 25. a3 Qb5 26. Qe4 Qe2+ 27. Rd2 Qb5 28. g4 a5 29. a4 Qc5 30. h5 Qe7 31. Qd4 Rc8 32.
Qd7 Qxd7 33. Rxd7 Kf8 34. Kb3 Ke8 35. Rd4 Ke7 36. Kc4 c6 37. Rd6 Rc7 38. Rd4 Rc8 39. Rd2 Rc7 40. b3 Rb7 41. Rd6 Rc7 42. b4 axb4 43.
cxb4 Ra7 44. Rxc6 Rxa4 45. Rxb6 Ra2 46. Rb7+ Ke8 47. b5 Rxf2 48. Ra7 Rc2+ 49. Kb4 Rb2+ 50. Kc5 Rc2+ 51. Kd6 Rd2+ 52. Kc6 Rc2+ 53. Kb6 f6 54. Rxg7 1-0

[Event "*** Titled Tuesday Blitz"]
[Site "Chess.com"]
[Date "2020.12.01"]
[Round "6"]
[White "gmcorrales"]
[Black "GelmanAlexander"]
[Result "1-0"]
[WhiteElo "2784"]
[BlackElo "2573"]
[TimeControl "180+1"]
[EndTime "11:05:07 PST"]
[Termination "gmcorrales won on time"]

1. e4 c5 2. Nf3 e6 3. d4 cxd4 4. Nxd4 a6 5. Bd3 d6 6. c4 Nf6 7. Nc3 Nbd7 8. O-O b6 9. b4 Bb7 10. a3 Rc8 11. Bb2 g5 12. Qd2 Rg8 13. Rfe1 Ne5 14.
Rad1 Be7 15. Qe2 g4 16. Kh1 h5 17. c5 bxc5 18. bxc5 Rxc5 19. Bxa6 Ba8 20. Na4 Ra5 21.
Nb3 Nxe4 22. Bb5+ Rxb5 23. Qxb5+ Bc6 24. Qe2 Nf3 25. Nd4 Nxd4 26. Rxd4 f5 27. Nc3 Bf6 28. Nxe4 Bxd4 29. Nc5 dxc5 30. Qxe6+ Kf8 31. Bxd4 Bxg2+ 32. Kxg2 cxd4 33. Qh6+ Rg7 34. Qh8+ Rg8 35. Qxh5 Qd5+ 36. Kg1 Kg7 37. Qg5+ 1-0

[Event "*** Titled Tuesday Blitz"]
[Site "Chess.com"]
[Date "2020.12.01"]
[Round "6"]
[White "DraG0s3L"]
[Black "TigrVShlyape"]
[Result "0-1"]
[WhiteElo "2550"]
[BlackElo "2857"]
[TimeControl "180+1"]
[EndTime "11:05:08 PST"]
[Termination "TigrVShlyape won by checkmate"]

1. c4 e5 2. Nc3 Nc6 3. g3 Bc5 4.
Bg2 Nge7 5. e3 a6 6. Nge2 Ba7 7. O-O d6 8. d4 O-O 9. d5 Nb8 10. b4 Nd7 11. e4 f5 12. Be3 fxe4 13. Bxa7 Rxa7 14. Nxe4 Nf5 15. c5 Nf6 16. Rc1 h6 17. Qb3 Kh8 18. cxd6 cxd6 19. Rc3 Bd7 20. Rfc1 Bb5 21.
Qb2 Ra8 22. Rc7 Rb8 23. Nxf6 Qxf6 24. Be4 Nh4 25. f4 Ng6 26. f5 Ne7 27. Nf4 Nxf5 28. Ne6 Nd4 29. Nxd4 exd4 30. Rd1 Rbe8 31. Qxd4 Rxe4 32.
Qxe4 Qf2+ 33. Kh1 Be2 34. Rxg7 Bf3+ 35. Qxf3 Qxf3+ 36. Kg1 Qxd1+ 37. Kg2 Qf1# 0-1

[Event "*** Titled Tuesday Blitz"]
[Site "Chess.com"]
[Date "2020.12.01"]
[Round "6"]
[White "26andrej26"]
[Black "GMSrinath"]
[Result "0-1"]
[WhiteElo "2490"]
[BlackElo "2803"]
[TimeControl "180+1"]
[EndTime "11:05:08 PST"]
[Termination "GMSrinath won by resignation"]

1. e4 c6 2. Nc3 d5 3. d4 dxe4 4.
Nxe4 Nf6 5. Nxf6+ exf6 6. c3 Bd6 7. Bd3 O-O 8. Qc2 Re8+ 9. Be3 g6 10. Ne2 Nd7 11.
O-O Nf8 12. c4 Ne6 13. Rad1 Ng7 14. Ng3 h5 15. Ne4 Bc7 16. d5 f5 17. Bg5 fxe4 18.
Bxd8 exd3 19. Qxd3 Rxd8 20. Qa3 cxd5 21. cxd5 Nf5 22.
Rfe1 Bd6 23. Qb3 b6 24. Rd3 Ba6 25. Rf3 Nd4 26. Qe3 Nxf3+ 27. Qxf3 Bc4 28. Rd1 Re8 29. Qc3 Rac8 30. Qd4 Bxa2 31. g3 Bb3 32. Rd3 Bc2 33. Re3 Red8 34. Re2 Bf5 35. Qf6 Bf8 36. Rd2 Bh3 37.
f4 Bc5+ 38. Kh1 Be7 39. Qe5 0-1

[Event "*** Titled Tuesday Blitz"]
[Site "Chess.com"]
[Date "2020.12.01"]
[Round "6"]
[White "IngOscarArdila"]
[Black "PowerThinking2650"]
[Result "1-0"]
[WhiteElo "2211"]
[BlackElo "2437"]
[TimeControl "180+1"]
[EndTime "11:05:08 PST"]
[Termination "IngOscarArdila won by checkmate"]

1. d4 Nf6 2. c4 g6 3. Nc3 Bg7 4. e4 d6 5. Nf3 O-O 6. Be2 e5 7. d5 a5 8. O-O Na6 9. Bg5 h6 10. Bxf6 Bxf6 11. Qc2 Bg7 12. a3 Bd7 13. Rab1 f5 14.
b4 f4 15. Nd2 g5 16. Qd1 Qc8 17. h3 axb4 18. axb4 c5 19. dxc6 bxc6 20. Bg4 Bxg4 21. Qxg4 Qxg4 22. hxg4 Rfc8 23. b5 cxb5 24. Nxb5 Bf8 25.
Nc3 Nc5 26. Nd5 Ra2 27. Rfd1 Na4 28. Rb7 Kh8 29. Nf6 Bg7 30. Nd5 Nc5 31. Rb6 Rd8 32. f3 Rc2 33. Ne7 Ra8 34. Nf5 Bf8 35. Nxd6 Raa2 36. Nf1 Rxg2+ 37. Kh1 Rgf2 38. Nf7+ Kg8 39.
Nxe5 Ra8 40. Rg6+ Kh7 41. Rc6 Nb3 42. Rd7+ Kg8 43. Rg6+ Bg7 44. Rgxg7+ Kf8 45. Rdf7+ Ke8 46. Rg8# 1-0

[Event "*** Titled Tuesday Blitz"]
[Site "Chess.com"]
[Date "2020.12.01"]
[Round "6"]
[White "dropstoneDP"]
[Black "jacky72"]
[Result "1-0"]
[WhiteElo "2920"]
[BlackElo "2719"]
[TimeControl "180+1"]
[EndTime "11:05:09 PST"]
[Termination "dropstoneDP won by resignation"]

1. e4 e5 2. Nf3 Nc6 3. Bc4 Bc5 4. d3 Nf6 5. Be3 Bb6 6. Nc3 d6 7. a4 h6 8. h3 Be6 9. Bxe6 fxe6 10. Ne2 Bxe3 11.
fxe3 O-O 12. Ng3 Qe8 13. O-O Qg6 14. Kh2 Nh5 15. Nxh5 Qxh5 16. a5 a6 17. c3 Rf6 18.
Qb3 Rb8 19. Qc4 Rbf8 20. d4 exd4 21. cxd4 Kh8 22. Kg1 Rg6 23. Kh1 Rg3 24. Nh2 Re8 25. d5 exd5 26. exd5 Ne7 27. Qxc7 Nxd5 28. Qxd6 Rgxe3 29. Rad1 Nf6 30. Rxf6 gxf6 31. Qxf6+ Kg8 32. Ng4 Re1+ 33.
Rxe1 Rxe1+ 34. Kh2 Kh7 35. Qc3 Qh4 36. Qd3+ Kg7 37.
Qd4+ Kf7 38. Ne5+ Rxe5 39. Qxh4 Re4 40. Qxe4 1-0

[Event "*** Titled Tuesday Blitz"]
[Site "Chess.com"]
[Date "2020.12.01"]
[Round "6"]
[White "Oleksandr_Bortnyk"]
[Black "Chesswizard_2007"]
[Result "1-0"]
[WhiteElo "2885"]
[BlackElo "2691"]
[TimeControl "180+1"]
[EndTime "11:05:09 PST"]
[Termination "Oleksandr_Bortnyk won by resignation"]

1. e4 e5 2. Bc4 Nf6 3. Nc3 Bc5 4. d3 h6 5. Be3 Bb6 6. Qf3 Nc6 7. Nge2 d6 8. h3 Be6 9. Bxe6 fxe6 10. Qg3 Qd7 11. Bxb6 axb6 12. f4 O-O-O 13. fxe5 Nxe5 14. O-O-O Rhf8 15. d4 Nc6 16. d5 exd5 17. exd5 Ne5 18. Nf4 Rde8 19.
Rd4 Kb8 20. Rhd1 g5 21. Ne6 Rf7 22. Rb4 Nxd5 23. Nxd5 Qxe6 24. Qa3 Nc6 25. Ra4 Kc8 26. Qc3 Kd7 27. Rad4 Kc8 28. Ra4 Kd7 29. Rad4 Qe5 30. Qc4 Kd8 31. R4d3 Qg7 32. Qa4 Kd7 33. a3 Rf2 34. Kb1 Ree2 35. Nxb6+ cxb6 36. Rxd6+ Kc7 37. Rxc6+ bxc6 38. Qa7+ Kc8 39. Qxg7 Rxc2 40. Qh8+ Kc7 41. Qh7+ Kc8 42. Qxc2 1-0

[Event "*** Titled Tuesday Blitz"]
[Site "Chess.com"]
[Date "2020.12.01"]
[Round "6"]
[White "salomez"]
[Black "anon569"]
[Result "0-1"]
[WhiteElo "2134"]
[BlackElo "2281"]
[TimeControl "180+1"]
[EndTime "11:05:09 PST"]
[Termination "anon569 won by checkmate"]

1. e4 c5 2. Nf3 d6 3. d4 cxd4 4. Nxd4 Nf6 5. Nc3 a6 6. Bc4 e6 7.
a4 Qc7 8. Ba2 Nbd7 9. f4 Nc5 10.
Qf3 b6 11. Be3 Bb7 12. f5 e5 13. Nde2 Ncxe4 14. Qh3 Nxc3 15. Nxc3 d5 16. Bg5 d4 17. Ne2 Ne4 18. Bh4 Bb4+ 19. Kd1 Rc8 20. Qb3 a5 21. Rf1 Nc5 22. Qc4 Ba6 23. Qd5 Bb7 24. Qc4 Ba6 25. Qd5 d3 26. cxd3 Nxd3 27. Rc1 Nxb2# 0-1

[Event "*** Titled Tuesday Blitz"]
[Site "Chess.com"]
[Date "2020.12.01"]
[Round "6"]
[White "Vuk2000"]
[Black "Hypercar"]
[Result "1-0"]
[WhiteElo "2717"]
[BlackElo "2473"]
[TimeControl "180+1"]
[EndTime "11:05:14 PST"]
[Termination "Vuk2000 won on time"]

1. d4 g6 2. e4 Bg7 3. Nf3 c5 4. d5 d6 5. Nc3 Nf6 6. a4 O-O 7.
Bc4 Bg4 8. h3 Bxf3 9. Qxf3 Nbd7 10. Be2 a6 11. g4 b5 12. axb5 axb5 13. Rxa8 Qxa8 14. Bxb5 Ne5 15. Qe2 Qa7 16. O-O h5 17.
g5 Ne8 18. f4 Nd7 19. Be3 Nb6 20. f5 Be5 21. fxg6 fxg6 22. Rxf8+ Kxf8 23. Qf3+ Nf6 24. gxf6 exf6 25. Bf4 Qa1+ 26. Kg2 Ke7 27. Bxe5 dxe5 28. d6+ Ke6 29. Nd5 Nxd5 30. exd5+ Kxd6 31. Qxf6+ Kxd5 32. Bc6+ Kc4 33. Qf1+ Qxf1+ 34. Kxf1 g5 35. Be8 h4 36. Bd7 Kd4 37. Ke2 e4 38. c3+ Kc4 39. Be6+ Kb5 40. Ke3 1-0

[Event "*** Titled Tuesday Blitz"]
[Site "Chess.com"]
[Date "2020.12.01"]
[Round "6"]
[White "andrzej"]
[Black "Matols"]
[Result "0-1"]
[WhiteElo "2359"]
[BlackElo "2235"]
[TimeControl "180+1"]
[EndTime "11:05:14 PST"]
[Termination "Matols won on time"]

1. e4 e6 2. d4 d5 3. Nc3 Nf6 4.
e5 Nfd7 5. f4 c5 6. Nf3 Nc6 7.
Be3 cxd4 8. Nxd4 Bc5 9. Qd2 O-O 10. O-O-O a6 11. Qf2 Bxd4 12. Bxd4 b5 13. Bd3 b4 14.
Na4 a5 15. Kb1 Ba6 16. Nc5 Bc4 17. Bxc4 dxc4 18. Nxd7 Qxd7 19. Bc5 Qb7 20. Bxf8 Rxf8 21. Qc5 c3 22. Rd6 Ne7 23. Rhd1 Nd5 24. R1xd5 exd5 25. Qxd5 Qa7 26. Qd4 Qb7 27. Rd8 g6 28. e6 Qxg2 29. exf7+ Kxf7 30. Qd7+ Kg8 31. Qe6+ Kg7 32. Qe7+ Rf7 33.
Qe5+ Kh6 34. Rd1 cxb2 35. Kxb2 a4 36. f5 Rxf5 37. Qe3+ Qg5 38. Qe2 Qf6+ 39. Kb1 a3 40. Qe3+ g5 41. Qb3 Rf1 42. Kc1 Qf4+ 0-1

[Event "*** Titled Tuesday Blitz"]
[Site "Chess.com"]
[Date "2020.12.01"]
[Round "6"]
[White "Gudmundur_Kjartansson"]
[Black "Sergienko_Sergey"]
[Result "1/2-1/2"]
[WhiteElo "2554"]
[BlackElo "2362"]
[TimeControl "180+1"]
[EndTime "11:05:15 PST"]
[Termination "Game drawn by repetition"]

1. d4 Nf6 2. c4 c5 3. d5 e5 4. Nc3 d6 5. e4 Be7 6. Bd3 Nbd7 7. Nge2 Nf8 8. h4 h6 9. f3 Ng6 10. g3 O-O 11. h5 Nh8 12. Be3 Nh7 13. Qd2 Bg5 14. f4 exf4 15. gxf4 Bh4+ 16. Kd1 Bg4 17. Kc2 Bxh5 18. Rag1 Bxe2 19. Qxe2 Ng6 20. Qh2 Bf6 21. f5 Ng5 22. fxg6 fxg6 23. Rf1 a6 24. Bf4 Nf7 25. Rhg1 g5 26. Bg3 Ne5 27. Qh3 b5 28. Bxe5 Bxe5 29.
Rxf8+ Qxf8 30. Rf1 Qd8 31. Qe6+ Kh8 32. cxb5 axb5 33.
Bxb5 Qa5 34. Bc4 Qb4 35. Bb3 c4 36. Qe7 cxb3+ 37. axb3 Rb8 38. Rf8+ Rxf8 39. Qxf8+ Kh7 40. Qf5+ Kh8 41. Qf8+ Kh7 42. Qf5+ Kh8 43. Qf8+ 1/2-1/2

[Event "*** Titled Tuesday Blitz"]
[Site "Chess.com"]
[Date "2020.12.01"]
[Round "6"]
[White "Deepweb2020"]
[Black "Juanovic"]
[Result "0-1"]
[WhiteElo "2281"]
[BlackElo "2177"]
[TimeControl "180+1"]
[EndTime "11:05:15 PST"]
[Termination "Juanovic won by resignation"]

1. d4 d5 2. c4 e6 3. Nf3 Nf6 4. g3 a6 5. Bg2 c5 6. cxd5 exd5 7. a3 Nc6 8. dxc5 Bxc5 9. b4 Ba7 10.
O-O h6 11. Bb2 Be6 12. Nbd2 O-O 13. Nb3 Ne4 14. Nfd4 Nxd4 15. Nxd4 Rc8 16. Rc1 Rxc1 17. Qxc1 Nd6 18. Qc3 Qf6 19. e3 Nc4 20. Bc1 Bxd4 21. exd4 b5 22. Bf4 Rc8 23. Re1 Qf5 24. Qf3 f6 25.
Qe2 Bf7 26. Bf3 Re8 27. Qd1 Rxe1+ 28. Qxe1 g5 29. Qe7 gxf4 30. Kg2 fxg3 31. hxg3 Kg7 32. Qa7 Qe6 33. Bh5 Nxa3 34. f4 f5 35. Bf3 Nc4 36. Qb8 Qd6 37. Qb7 Qxb4 38. Bxd5 Qf8 39. Bf3 Qd6 40. d5 Ne3+ 41. Kf2 Nxd5 42. Bh5 Qb6+ 43. Qxb6 Nxb6 44. Bd1 Kf6 45. Ke3 Bd5 46. Kd4 Be4 47. Kc5 Nc4 48. Kb4 Ne3 49. Bh5 Nf1 50. Ka5 Bd3 51. Bd1 Nxg3 52. Kxa6 h5 53. Ka5 h4 54. Bf3 h3 55. Kb4 h2 56. Bg2 h1=Q 57. Bxh1 Nxh1 0-1

[Event "*** Titled Tuesday Blitz"]
[Site "Chess.com"]
[Date "2020.12.01"]
[Round "6"]
[White "ENajer77"]
[Black "Fandorine"]
[Result "1-0"]
[WhiteElo "2690"]
[BlackElo "2842"]
[TimeControl "180+1"]
[EndTime "11:05:16 PST"]
[Termination "ENajer77 won by resignation"]

1. e4 g6 2. d4 Bg7 3. Nc3 d6 4. Be3 a6 5. g4 b5 6. Bg2 Bb7 7.
h4 Nd7 8. h5 c5 9. h6 Bf6 10. g5 Bxd4 11. Bxd4 cxd4 12. Qxd4 e5 13. Qd2 Nb6 14. b3 Ne7 15. O-O-O Qc7 16. Nge2 Rd8 17. Rh3 b4 18. Nb1 a5 19. Rd3 d5 20. exd5 Nexd5 21. c4 bxc3 22. Nbxc3 Ba6 23. Rxd5 Nxd5 24. Bxd5 Bxe2 25.
Bc6+ Ke7 26. Qxe2 Rxd1+ 27. Kxd1 Rd8+ 28. Nd5+ Kf8 29. Qc4 Qe7 30. f4 exf4 31. Qd4 f6 32. gxf6 Qf7 33. Qe5 Kg8 34. Ke1 Kh8 35. Kf2 g5 36.
Qe7 Rg8 1-0

[Event "*** Titled Tuesday Blitz"]
[Site "Chess.com"]
[Date "2020.12.01"]
[Round "6"]
[White "InitiatingASC"]
[Black "nitpicker"]
[Result "1-0"]
[WhiteElo "2415"]
[BlackElo "2254"]
[TimeControl "180+1"]
[EndTime "11:05:16 PST"]
[Termination "InitiatingASC won on time"]

1. Nf3 Nf6 2. g3 b6 3. Bg2 Bb7 4. O-O e6 5. d3 c5 6. Nbd2 g6 7. a3 Bg7 8. Rb1 O-O 9. b4 d6 10. Bb2 Nbd7 11. e4 Qc7 12. c4 Rfd8 13. Re1 d5 14. Qe2 Rac8 15. e5 Ne8 16. d4 dxc4 17. Qxc4 cxd4 18. Qxc7 Rxc7 19. Bxd4 Rc2 20. Nf1 Rdc8 21. Ne3 Ra2 22. Rb3 Bxf3 23. Bxf3 Nxe5 24. Bb7 Rc7 25. Bg2 Nc4 26. Bxg7 Kxg7 27. Nxc4 Rxc4 28. Rd1 Rcc2 29. Rf3 Nf6 30. Bf1 Ne4 31. Bd3 Rxf2 32. Bxe4 Rg2+ 33. Kf1 Rxh2 34. Rfd3 Rh3 35. Bg2 Rh5 36.
Kg1 Rf5 37. Rf1 Rxf1+ 38. Kxf1 Kf6 39. Bc6 1-0

[Event "*** Titled Tuesday Blitz"]
[Site "Chess.com"]
[Date "2020.12.01"]
[Round "6"]
[White "scoopbh"]
[Black "hleol"]
[Result "0-1"]
[WhiteElo "2079"]
[BlackElo "2330"]
[TimeControl "180+1"]
[EndTime "11:05:17 PST"]
[Termination "hleol won on time"]

1. e4 e6 2. d4 d5 3. Nc3 Bb4 4.
e5 c5 5. a3 Bxc3+ 6. bxc3 Qa5 7. Bd2 Qa4 8. Qg4 g6 9. Nf3 Qxc2 10. Be2 Qe4 11. Qxe4 dxe4 12. Ng5 cxd4 13. cxd4 f5 14.
exf6 Nxf6 15. O-O h6 16. Nh3 Kf7 17. Bc4 Nc6 18. Bc3 Nd5 19. Bb2 g5 20. f3 Ne3 21.
fxe4+ Nxf1 22. Rxf1+ Ke7 23. d5 Rf8 24. Rxf8 Kxf8 25.
dxc6 bxc6 26. Be5 a5 27. Nf2 a4 28. Ng4 Ra5 29. Bd4 h5 30. Nf6 e5 31. Bc3 Ra7 32.
Bxe5 Rb7 33. h3 Rb1+ 34. Kh2 h4 35. Nh7+ Ke8 36. Nxg5 Re1 37. Bf6 c5 38. e5 Bb7 39.
Bf7+ Kd7 40. e6+ Kc7 41. e7 Bc6 42. Ne6+ Kb6 0-1

[Event "*** Titled Tuesday Blitz"]
[Site "Chess.com"]
[Date "2020.12.01"]
[Round "6"]
[White "UCantHandleDenker"]
[Black "wonderfultime"]
[Result "0-1"]
[WhiteElo "2521"]
[BlackElo "2924"]
[TimeControl "180+1"]
[EndTime "11:05:18 PST"]
[Termination "wonderfultime won by resignation"]

1. Nf3 Nf6 2. c4 c6 3. g3 d5 4.
Bg2 g6 5. b3 Bg7 6. Bb2 O-O 7.
O-O Bg4 8. d3 Nbd7 9. Nbd2 a5 10. a3 Re8 11. h3 Bxf3 12. Nxf3 e5 13. cxd5 cxd5 14. Rc1 Qb6 15. Nd2 Rac8 16. h4 Rc6 17.
Rxc6 bxc6 18. Qc2 Bh6 19. Nf3 Ng4 20. Bh3 f5 21. Bxg4 fxg4 22. Nh2 Nf6 23. Bc1 Bxc1 24. Rxc1 Re6 25. Qc5 Qxb3 26. Qxa5 Qb2 27. Re1 Qc2 28. Qb4 h5 29. a4 e4 30. dxe4 Rxe4 31. Qd6 Kf7 32.
a5 Re6 33. Qc7+ Re7 34. Qd6 Qc3 35. Rb1 Qxa5 36. Qxc6 Qa2 37. Rb6 Qa1+ 38. Nf1 Kg7 39. e3 Rf7 40. Kg2 Qe5 41. Nd2 Qf5 42. Qe6 Qc2 43.
Nb3 Nd7 44. Nd2 Nxb6 0-1

[Event "*** Titled Tuesday Blitz"]
[Site "Chess.com"]
[Date "2020.12.01"]
[Round "6"]
[White "BigAl"]
[Black "Reader777"]
[Result "0-1"]
[WhiteElo "2464"]
[BlackElo "2681"]
[TimeControl "180+1"]
[EndTime "11:05:18 PST"]
[Termination "Reader777 won by resignation"]

1. e4 c5 2. Nc3 Nc6 3. g3 g6 4. Bg2 Bg7 5. d3 d6 6. Be3 e6 7. Qd2 Nd4 8. Nd1 h6 9. c3 Nc6 10. Ne2 Nge7 11. O-O Rb8 12. f4 O-O 13. f5 exf5 14.
Bxh6 fxe4 15. dxe4 Bg4 16. Bxg7 Kxg7 17. Ne3 Bxe2 18.
Qxe2 Ne5 19. Rad1 N7c6 20. h4 Rh8 21. Nd5 Qd7 22. Rf4 Ne7 23. Nf6 Qe6 24. Qf1 Rbd8 25. b3 N7c6 26. Rd2 c4 27. b4 Nd3 28. Bh3 Qe5 29.
Rf3 Qxc3 30. Nd5 Qd4+ 31. Kh1 Nce5 32. Re3 Nc6 33. Rf3 Rdf8 34. Rf6 Qxe4+ 35. Bg2 Qe5 36. Re2 Qxg3 37. Re3 Rxh4+ 38. Bh3 Rxh3+ 39. Qxh3 Qxh3+ 40. Rxh3 Ncxb4 41. Rxd6 Nxd5 42. Rf3 N5f4 43. Kg1 Rc8 44. Rd7 c3 0-1